 Dungeon Crawl Stone Soup version 0.28-a0-476-g0f06bd746f (webtiles) character file.

Game seed: 16028246657001072743

2747 robertstho the Fighter (level 9, -12/59 HPs)
             Began as a Gargoyle Fighter on Sept 16, 2021.
             Mangled by a two-headed ogre (16 damage)
             ... on level 8 of the Dungeon.
             The game lasted 00:09:48 (7905 turns).

robertstho the Fighter (Gargoyle Fighter)           Turns: 7905, Time: 00:09:48

Health: -12/59     AC: 21    Str: 22    XL:     9   Next: 68%
Magic:  9/9        EV:  8    Int: 10    God:
Gold:   315        SH:  0    Dex: 21    Spells: 8/8 levels left

rFire   . . .      SeeInvis .   k - +0 dire flail (vorpal)
rCold   . . .      Faith    .   (shield currently unavailable)
rNeg    + . .      Spirit   .   s - +0 plate armour
rPois   ∞          Reflect  .   (no helmet)
rElec   +          Harm     .   t - +0 cloak
rCorr   .          Rampage  .   (no gloves)
Will    .....                   (no boots)
Stlth   ..........              (no amulet)
HPRegen 0.19/turn               f - +6 ring of dexterity
MPRegen 0.11/turn               g - +6 ring of dexterity

@: no status effects
A: sickness immunity, AC +6, negative energy resistance 1, electricity
resistance, torment resistance 1, petrification resistance
a: no special abilities


You were on level 8 of the Dungeon.
You visited 2 branches of the dungeon, and saw 9 of its levels.
You also visited: Ossuary.

You collected 315 gold pieces.

Inventory:

Hand Weapons
 a - a +0 flail
 k - a +0 vorpal dire flail (weapon)
Missiles
 h - a throwing net (quivered)
Armour
 s - a +0 plate armour (worn)
 t - a +0 cloak (worn)
 u - a +2 tower shield
Jewellery
 b - a ring of ice
 f - a +6 ring of dexterity (left hand)
 g - a +6 ring of dexterity (right hand)
 i - a ring of resist corrosion
Scrolls
 c - a scroll of brand weapon
 l - a scroll of magic mapping {unknown}
 m - a scroll of immolation
 q - 2 scrolls of holy word
 v - 2 scrolls of enchant armour
Potions
 d - 4 potions of lignification
 e - 3 potions of heal wounds {unknown}
 j - 2 potions of curing
 n - a potion of might
 o - a potion of cancellation
 p - a potion of ambrosia
 r - 2 potions of haste


   Skills:
 * Level 8.2 Fighting
 + Level 8.2 Maces & Flails
 * Level 8.2 Armour
 + Level 1.8 Dodging
 + Level 0.4 Stealth
 + Level 3.8 Shields


You had 8 spell levels left.
You didn't know any spells.
Your spell library contained the following spells:

 Spells                   Type           Power      Damage    Failure   Level
 Freeze                   Ice            0%         1d3       99%         1
 Magic Dart               Conj           0%         1d3       99%         1
 Call Imp                 Summ           0%         N/A       100%        2
 Static Discharge         Conj/Air       0%         N/A       100%        2
 Frozen Ramparts          Ice            0%         1d2       100%        3
 Gell's Gravitas          Tloc           0%         N/A       100%        3
 Mephitic Cloud           Conj/Pois/Air  0%         N/A       100%        3
 Teleport Other           Tloc           0%         N/A       100%        3
 Hailstorm                Conj/Ice       0%         3d3       100%        4
 Ice Form                 Ice/Tmut       0%         N/A       100%        4
 Summon Ice Beast         Ice/Summ       0%         N/A       100%        4
 Lightning Bolt           Conj/Air       0%         1d11      100%        5
 Summon Mana Viper        Hex/Summ       0%         N/A       100%        5
 Dispersal                Tloc           0%         N/A       100%        6
 Monstrous Menagerie      Summ           0%         N/A       100%        7
 Maxwell's Capacitive Co  Air            0%         ∞         100%        8


Dungeon Overview and Level Annotations

Branches:
Dungeon (8/15)             Temple (1/1) D:4         Ossuary (visited)
   Lair: D:8-11

Altars:
Cheibriados
Dithmenos
Fedhas
Hepliaklqana
Nemelex Xobeh
Okawaru
Qazlal
Sif Muna
Trog
Uskayaw
Vehumet
Wu Jian
Xom
Yredelemnul
Beogh

Shops:
D:5 [[

Annotations:
D:5 3 runed translucent doors, ardl's ghost, weakling BaDe


Innate Abilities, Weirdness & Mutations

You are immune to sickness and miasma.
Your stone body is resilient. (AC +6)
You are immune to poison.
You resist negative energy. (rN+)
You are resistant to electric shocks. (rElec)
You are resistant to unholy torment.
You are immune to petrification.


Message History

Found a sparkling altar of Nemelex Xobeh.
Done exploring.
Done exploring.
Done exploring.
(D) Dungeon (T) Temple
Where to? (Enter - D:7, ? - help)
Okay, then.
(D) Dungeon (T) Temple
Where to? (Enter - D:7, ? - help)
There is a stone staircase leading down here.
You climb downwards.
There is a stone staircase leading up here.
A two-headed ogre comes into view.
It is wielding a +0 giant spiked club and a +0 giant club.
The two-headed ogre moves out of view.
You see here a scroll labelled HIADUDWOOD.
A two-headed ogre is nearby!
l - a scroll labelled HIADUDWOOD No target in view!
No target in view!
The two-headed ogre closely misses you.
The two-headed ogre hits you with a +0 giant club.
You closely miss the two-headed ogre. You barely miss the two-headed ogre.
The two-headed ogre hits you with a +0 giant spiked club!
The two-headed ogre hits you but does no damage.
You puncture the two-headed ogre!
The two-headed ogre is moderately wounded.
The two-headed ogre barely misses you. The two-headed ogre closely misses you.
Your plate armour prevents you from hitting the two-headed ogre.
The two-headed ogre is moderately wounded.
You puncture the two-headed ogre!
The two-headed ogre is severely wounded.
The two-headed ogre hits you with a +0 giant spiked club!
The two-headed ogre hits you but does no damage.
You barely miss the two-headed ogre.
The two-headed ogre is severely wounded.
The two-headed ogre hits you with a +0 giant spiked club!!
* * * LOW HITPOINT WARNING * * *
The two-headed ogre hits you with a +0 giant club!
You die...

### ..# #.# #.#
###########.#
#.........#.#
####.#######.#.##
....#........@.#
#####..#.########O#
.......#.# ...
#..<..# ⌠....
#..#..# .......
#.....# ≈......
#..#..# .......
#..#..# ≈......
PP..##.#


You could see a two-headed ogre.

Vanquished Creatures
  A hornet (D:7)
  A water moccasin (D:6)
  An orc warrior (D:7)
  A sky beast (D:6)
  2 necrophages (D:7)
  3 centaurs
  An ogre (D:7)
  2 phantoms
  2 bullfrogs
  2 elf zombies (Ossuary)
  A wyvern zombie (D:6)
  A water moccasin skeleton (D:4)
  4 wights
  4 howler monkeys
  2 centaur zombies (Ossuary)
  A bullfrog skeleton (D:6)
  A jelly (D:5)
  An orc priest (D:4)
  Crazy Yiuf (D:6)
  4 hounds
  A gnoll shaman (D:6)
  A human zombie (Ossuary)
  2 iguanas
  5 orc wizards
  A scorpion zombie (D:4)
  2 hound zombies (Ossuary)
  2 hound skeletons
  3 mummies (Ossuary)
  A howler monkey zombie (D:7)
  8 gnolls
  A howler monkey skeleton (D:7)
  6 adders
  A shadow imp (D:7)
  2 ufetubi (D:6)
  7 adder zombies (Ossuary)
  An adder skeleton (D:4)
  A worm (D:4)
  4 dart slugs (D:2)
  13 orcs
  6 bats
  6 endoplasms
  A giant cockroach (D:4)
  8 goblins
  8 hobgoblins
  3 quokkas
  6 ball pythons
  6 frilled lizards
  5 goblin zombies (Ossuary)
  5 hobgoblin zombies (Ossuary)
  5 jackal zombies (Ossuary)
  5 kobolds
  A kobold zombie (Ossuary)
  3 orc zombies (Ossuary)
  2 quokka zombies (Ossuary)
  6 rats
  2 rat zombies (Ossuary)
176 creatures vanquished.

Vanquished Creatures (others)
  2 plants (D:1)
2 creatures vanquished.

Grand Total: 178 creatures vanquished

Notes
Turn   | Place    | Note
-------+----------+-------------------------------------------
     0 | D:1      | robertstho the Gargoyle Fighter began the quest for the
                  | Orb.
     0 | D:1      | Reached XP level 1. HP: 14/14 MP: 1/1
   113 | D:1      | Reached XP level 2. HP: 10/19 MP: 2/2
   333 | D:1      | Found a faded altar of an unknown god.
   883 | D:1      | Reached XP level 3. HP: 24/24 MP: 3/3
  1466 | D:2      | Reached XP level 4. HP: 12/29 MP: 4/4
  2162 | D:2      | Reached XP level 5. HP: 29/33 MP: 5/5
  3304 | D:4      | Reached XP level 6. HP: 39/39 MP: 6/6
  3387 | D:4      | Found a hide-covered altar of Uskayaw.
  3651 | D:4      | Found a shadowy altar of Dithmenos.
  3668 | D:4      | Found a staircase to the Ecumenical Temple.
  3781 | D:4      | Reached skill level 5 in Armour
  3831 | Temple   | Entered the Ecumenical Temple
  4229 | D:4      | Found a blossoming altar of Fedhas.
  4269 | D:5      | Entered Level 5 of the Dungeon
  4269 | D:5      | Found a runed translucent gate.
  4270 | D:5      | Noticed ardl's ghost (weakling BaDe)
  4272 | D:5      | Found a runed translucent gate.
  4281 | D:5      | Identified the +8 mace of Xequicad {protect, Drain +Blink
                  | Str+3}
  4281 | D:5      | Identified the +1 leather armour of Divine Compulsion {rC+}
  4490 | D:5      | Found a runed translucent gate.
  4515 | D:5      | Found Comaymn's Armour Shop.
  4575 | D:5      | Reached XP level 7. HP: 44/44 MP: 7/7
  4649 | D:5      | Found Nozaosar's Armour Boutique.
  4802 | D:5      | Reached skill level 1 in Dodging
  4887 | D:6      | Reached skill level 5 in Fighting
  4936 | D:6      | Reached skill level 5 in Maces & Flails
  5252 | D:6      | Identified the +0 falchion of Harmony {vorpal, *Rage rF-
                  | Str+7 Dex+3}
  5262 | D:6      | Reached XP level 8. HP: 34/51 MP: 8/8
  5999 | D:6      | Found a runed translucent door.
  6000 | D:6      | Noticed Crazy Yiuf
  6102 | D:6      | Killed Crazy Yiuf
  6324 | D:7      | Found a sand-covered staircase.
  6333 | Ossuary  | Entered an ossuary
  6407 | Ossuary  | Reached XP level 9. HP: 47/57 MP: 9/9
  6819 | D:7      | Noticed a hornet
  6831 | D:7      | Killed a hornet
  7621 | D:7      | Found an iron altar of Okawaru.
  7837 | D:7      | Found a sparkling altar of Nemelex Xobeh.
  7894 | D:8      | Noticed a two-headed ogre
  7905 | D:8      | Mangled by a two-headed ogre

Illustrated notes

Levels and vault maps discovered:
D:1:      minmay_arrival_four_circles, layout_basic,
          shapermc_ecumenical_altar_gd, palyth_stone_intersect
D:2:      layout_loops_ring
D:3:      layout_loops_ring
D:4:      layout_loops_ring, mainiacjoe_overflow_paths, fedhas_altar_4,
          grunt_dithmenos_smoke_and_mirrors,
          minmay_temple_entry_statues_pillars, serial_glass, glass_columns_c,
          glass_columns_a, glass_columns_a, glass_columns_c,
          minmay_misc_feat_hallway
D:5:      layout_loops_ring, biasface_ghost_orc_armoury, serial_shops,
          nicolae_shop_statue_plus, nicolae_shop_statue_plus
D:6:      layout_cave_pools, uniq_crazy_yiuf_cottage
D:7:      layout_cave_pools, nemelex_dance_club_becter,
          mainiacjoe_overflow_concentric_impassable,
          lightli_ossuary_entry_decrepit_ruins
D:8:      layout_basic, good_gods_mini_temple, kiku_gazebo_pond_becter,
          ldierk_geyser, uniq_psyche
Temple:   nicolae_temple_figure_zero

Skill      XL: |  1  2  3  4  5  6  7  8  9 |
---------------+----------------------------+-----
Fighting       | 4 5 7 8 |  8.2
Armour         | 4 5 6 7 8 |  8.2
Maces & Flails | 3 4 5 6 8 |  8.2
Dodging        | 1 |  1.8
Stealth        | |  0.4
Shields        | |  3.8

Action                   |  1- 3 |  4- 6 |  7- 9 || total
-------------------------+-------+-------+-------++-------
Melee: Flail             |   105 |    36 |       ||   141
       Dire flail        |       |   121 |   391 ||   512
  Use: Potion            |     1 |     2 |       ||     3
       Scroll            |       |     4 |    12 ||    16
Armor: Scale mail        |    54 |    16 |       ||    70
       Chain mail        |       |    80 |   312 ||   392
       Plate armour      |       |       |     2 ||     2
Dodge: Dodged            |    55 |    69 |   194 ||   318
Block: Buckler           |    25 |    14 |       ||    39

Table legend: (Time is in decaauts)
 A = Elapsed time spent in this place.
 B = Non-inter-level travel time spent in this place.
 C = Inter-level travel time spent in this place.
 D = Time resting spent in this place.
 E = Time spent auto-exploring this place.
 F = Levels seen in this place.
 G = Mean time per level.
                   A        B        C        D        E       F      G
               +--------+--------+--------+--------+--------+-----+--------+
         Total |   7940 |   7626 |    314 |   1475 |   4760 |  10 |  794.0 |
       Dungeon |   7358 |   7055 |    303 |   1475 |   4368 |   8 |  919.8 |
        Temple |    123 |    113 |     10 |      0 |    113 |   1 |  123.0 |
       Ossuary |    457 |    457 |      0 |      0 |    279 |   1 |  457.0 |
               +--------+--------+--------+--------+--------+-----+--------+

Top non-repeatable levels by time:
     D:1: 1496 daAuts
     D:6: 1446 daAuts
     D:2: 1064 daAuts
     D:4: 980 daAuts
     D:7: 875 daAuts
     D:3: 858 daAuts
     D:5: 615 daAuts
 Ossuary: 457 daAuts
  Temple: 123 daAuts
     D:8: 23 daAuts
